 Dungeon Crawl Stone Soup version 0.30-a0-879-ga8ba668304 (webtiles) character file.

Game seed: 11113075443062558008

18088 snarfax the Nimble (level 12, -9/74 HPs)
             Began as a Merfolk Summoner on Mar 12, 2023.
             Was a Believer of Vehumet.
             Mangled by a white ugly thing (32 damage)
             ... on level 10 of the Dungeon on Mar 13, 2023.
             The game lasted 01:31:45 (15159 turns).

snarfax the Nimble (Merfolk Summoner)              Turns: 15159, Time: 01:31:46

Health: -9/74      AC:  8    Str:  8    XL:     12   Next: 54%
Magic:  30/35      EV: 24    Int: 19    God:    Vehumet [**....]
Gold:   931        SH:  0    Dex: 17    Spells: 21/32 levels left

rFire   . . .      SeeInvis .    g - +3 short sword (elec)
rCold   . . .      Faith    .    (no shield)
rNeg    . . .      Spirit   .    E - +2 robe of Unambiguity {Fly Dex+2}
rPois   .          Reflect  .    n - +1 helmet
rElec   .          Rampage  .    k - scarf {shadows}
rCorr   .                        u - +0 pair of gloves
Will    .....                    B - +0 pair of boots
Stlth   +++++                    (no amulet)
HPRegen 0.32/turn                A - +5 ring of evasion
MPRegen 0.24/turn                F - ring of magical power

@: flying, studying Shields
A: (nimble swimmer 2), mertail
a: Renounce Religion


You were on level 10 of the Dungeon.
You worshipped Vehumet.
Vehumet was pleased with you.
You visited 3 branches of the dungeon, and saw 14 of its levels.
You also visited: Ossuary.

You collected 931 gold pieces.

Inventory:

Hand Weapons
 g - a +3 short sword of electrocution (weapon)
 G - a +0 rapier
 N - a +0 vampiric dagger
 O - a +3 dagger of freezing
Missiles
 l - 7 poisoned darts (quivered)
 v - 8 javelins
 H - 4 boomerangs
Armour
 a - a +0 robe
 k - a scarf of shadows (worn)
 n - a +1 helmet (worn)
 u - a +0 pair of gloves (worn)
 B - a +0 pair of boots (worn)
 E - the +2 robe of Unambiguity (worn) {Fly Dex+2}
   (You found it on level 6 of the Dungeon)

   Dex:       It affects your dexterity (+2).
   Fly:       It grants you flight.
Magical Staves
 I - a staff of fire
Jewellery
 c - a ring of protection from fire
 e - a +4 ring of slaying
 i - a ring of protection from fire
 j - an amulet of faith
 p - an amulet of guardian spirit
 r - a ring of protection from fire
 A - a +5 ring of evasion (left hand)
 F - a ring of magical power (right hand)
 P - a +5 ring of evasion
Wands
 L - a wand of charming (10)
 M - a wand of roots (4)
Scrolls
 h - 4 scrolls of amnesia
 o - a scroll of silence
 s - 3 scrolls of magic mapping
 y - 3 scrolls of identify
 z - a scroll of teleportation
 K - a scroll of fog
Potions
 b - 6 potions of magic
 d - 4 potions of curing
 f - 3 potions of mutation
 q - 3 potions of brilliance
 w - a potion of lignification
 x - 2 potions of resistance
 C - 6 potions of flight
 D - 3 potions of ambrosia
 J - a potion of haste


   Skills:
 + Level 0.0 Fighting
 - Level 10.0 Short Blades
 - Level 12.0 Dodging
 + Level 11.9 Stealth
 * Level 10.7 Spellcasting
 * Level 7.2 Summonings
 - Level 2.0 Evocations


You had 21 spell levels left.
You knew the following spells:

 Your Spells              Type           Power      Damage    Failure   Level
a - Summon Small Mammal   Summ           100%       N/A       1%          1
b - Call Canine Familiar  Summ           37%        N/A       1%          3
c - Searing Ray           Conj           20%        2d5       11%         2
d - Call Imp              Summ           37%        N/A       1%          2
e - Summon Guardian Gole  Hex/Summ       23%        N/A       4%          3

Your spell library contained the following spells:

 Spells                   Type           Power      Damage    Failure   Level
 Static Discharge         Conj/Air       20%        2-3/arc   11%         2
 Freeze                   Ice            40%        1d6       7%          1
 Sandblast                Erth           20%        2d7       7%          1
 Animate Armour           Summ/Erth      46%        N/A       16%         4
 Summon Lightning Spire   Summ/Air       23%        N/A       16%         4
 Dazzling Flash           Conj/Hex       20%        N/A       21%         3
 Frozen Ramparts          Ice            20%        1d4       21%         3
 Gell's Gravitas          Tloc           10%        N/A       21%         3
 Hailstorm                Conj/Ice       10%        3d5       21%         3
 Stone Arrow              Conj/Erth      20%        3d8       21%         3
 Teleport Other           Tloc           10%        N/A       21%         3
 Passage of Golubria      Tloc           10%        N/A       56%         4
 Agony                    Necr           10%        N/A       88%         5
 Silence                  Hex/Air        5%         N/A       88%         5
 Dispersal                Tloc           5%         N/A       100%        6
 Lehudib's Crystal Spear  Conj/Erth      5%         10d3      100%        8


Dungeon Overview and Level Annotations

Branches:
Dungeon (10/15)            Temple (1/1) D:6            Lair (3/5) D:9
 Shoals (0/4) Lair:2       Spider (0/4) Lair:2      Ossuary (visited)
    Orc: D:9-12

Altars:
Ashenzari
Cheibriados
Elyvilon
Gozag
Hepliaklqana
Kikubaaqudgha
Makhleb
Nemelex Xobeh
Okawaru
Qazlal
Trog
Uskayaw
Vehumet
Wu Jian
Xom
Yredelemnul
Zin

Shops:
D:10 *

Annotations:
D:5 3 runed translucent doors, Pokonic1's ghost, novice DsBe; Prince Ribbit
D:8 2 transporters, avis's ghost, novice FeTm
D:10 3 runed translucent doors, Maggie; monoptic's ghost, journeyman MiFi
Temple 2 transporters


Innate Abilities, Weirdness & Mutations

((You are very nimble when in or above water. (Stealth+, EV+, Speed+++)))
Your lower body shifts to a powerful aquatic tail in water.


Message History

Your wolf barely misses the ice beast.
The ice beast attacks as you move away! The ice beast misses you.
Your wolf bites the white ugly thing.
Your wolf bites the ice beast but does no damage.
Your wolf misses the ice beast.
The ice beast hits your wolf but does no damage.
Your wolf bites the ice beast but does no damage.
Casting: Summon Guardian Golem (dangerous; 4% risk of failure)
Confirm with . or Enter, or press ? or * to list all spells.
A beastly little devil appears in a puff of flame.
You closely miss the white ugly thing.
The white ugly thing is lightly wounded.
You hit the white ugly thing.
You punch the white ugly thing, but do no damage.
The white ugly thing is lightly wounded.
Your wolf bites the white ugly thing.
The white ugly thing completely misses you.
Your crimson imp barely misses the white ugly thing.
You hit the white ugly thing but do no damage.
The white ugly thing is lightly wounded.
Something hits your wolf. Something freezes your wolf.
Your wolf closely misses the white ugly thing.
You hit the white ugly thing but do no damage.
The white ugly thing is lightly wounded.
The white ugly thing headbutts you! The white ugly thing freezes you!!
Your crimson imp hits the white ugly thing.
Your wolf bites the white ugly thing.
Your wolf bites the white ugly thing but does no damage.
Something closely misses your wolf.
The white ugly thing attacks as you move away!
The white ugly thing barely misses you.
The white ugly thing attacks as you move away!
The white ugly thing headbutts you but does no damage.
The ice beast hits your wolf. The ice beast freezes your wolf!
Okay, then.
Your wolf bites the ice beast but does no damage.
Your crimson imp blinks!
The white ugly thing attacks as you move away!
The white ugly thing headbutts you! The white ugly thing freezes you!!
You die...

###### ##....# ###.....#
##.....#.# # ##.....#..# ..
#..8..##.## #.###.....##5#
#............# # ####.....###@#
########.......#u#
.......[.....#.#.########
.......#.....#.#ยง##.....##
##.###.##......#.##......# #.#
#.....8...#Y##....#.########
##.###.##.......h9.uYh..........#
.................##...?##........
##>..............##...5##........


You could see a white ugly thing (ally target), an ice beast (ally target), a
friendly guardian golem (summoned), a friendly wolf (summoned, sheltered) and a
friendly crimson imp (summoned, sheltered).

Vanquished Creatures
  Pikel (D:6)
  3 elephants
  2 black mambas
  A torpor snail (Lair:1)
  2 cane toads
  A freezing wraith (D:10)
  4 komodo dragons
  A polar bear (D:10)
  7 blink frogs
  Grinder (D:5)
  A slime creature (D:10)
  3 wyverns
  An unseen horror simulacrum (D:10)
  10 yaks
  A basilisk (Lair:1)
  A redback (Lair:2)
  An acid dragon (D:9)
  A water moccasin (Lair:2)
  An ice beast (D:6)
  2 orc warriors (D:9)
  A black bear (D:9)
  2 sky beasts
  2 centaurs
  An ogre (D:5)
  13 wolves
  A phantom (D:4)
  3 lemures (D:5)
  A kobold brigand (D:8)
  5 scorpions
  7 bullfrogs
  7 wights (D:9)
  4 killer bees (D:9)
  4 howler monkeys (D:8)
  2 hounds
  A jelly (D:4)
  An orc priest (D:7)
  5 iguanas
  4 sleepcaps
  An orc wizard (D:7)
  6 mummies (Ossuary)
  3 gnolls (D:6)
  8 adders
  4 white imps
  An ufetubus (D:10)
  2 worms
  2 dart slugs
  8 orcs
  2 ball pythons
  3 endoplasms
  A giant cockroach (D:4)
  4 goblins
  5 hobgoblins
  5 jackals (D:3)
  2 quokkas
  3 bats
  A frilled lizard (D:2)
  A hobgoblin zombie (Ossuary)
  3 kobolds
  An orc zombie (Ossuary)
  A rat (D:2)
176 creatures vanquished.

Vanquished Creatures (collateral kills)
  A wolf spider (Lair:2)
  2 merfolk sirens (Lair:2)
  An elephant (Lair:2)
  A cane toad (Lair:2)
  2 merfolk (Lair:2)
  3 blink frogs
  A wyvern (Lair:3)
  3 yaks
  2 water moccasins
  4 black bears
  2 ice beasts
  An ogre (D:4)
  2 bullfrogs (Lair:2)
  2 wights (D:9)
  A killer bee (D:9)
  A jelly (D:4)
  A gnoll bouda (D:6)
  A hound (D:5)
  A sleepcap (D:7)
  An orc wizard (D:8)
  2 mummies (Ossuary)
  A gnoll (D:6)
  5 orcs
  2 giant cockroaches
  2 ball pythons (D:2)
  4 kobolds (D:8)
  5 kobold zombies (Ossuary)
  An orc zombie (Ossuary)
  2 rats (D:2)
57 creatures vanquished.

Vanquished Creatures (others)
  An elephant (Lair:1)
  A wyvern (Lair:2)
  2 hogs (Lair:3)
  A yak (Lair:2)
  21 fungi
  22 plants
48 creatures vanquished.

Grand Total: 281 creatures vanquished

Notes
Turn   | Place    | Note
-------+----------+-------------------------------------------
     0 | D:1      | snarfax the Merfolk Summoner began the quest for the Orb.
     0 | D:1      | Reached XP level 1. HP: 13/13 MP: 3/3
   633 | D:2      | Reached skill level 1 in Short Blades
   633 | D:2      | Reached skill level 3 in Dodging
   633 | D:2      | Reached XP level 2. HP: 16/19 MP: 1/5
   720 | D:2      | Reached XP level 3. HP: 23/24 MP: 3/6
  1022 | D:2      | You fall into a shaft and drop 2 floors!
  1082 | D:3      | Noticed a sky beast
  1188 | D:2      | Learned a level 3 spell: Call Canine Familiar
  1679 | D:2      | Killed a sky beast
  1680 | D:2      | Reached skill level 4 in Dodging
  1680 | D:2      | Reached XP level 4. HP: 5/30 MP: 2/8
  1680 | D:2      | Reached XP level 5. HP: 6/35 MP: 2/9
  2613 | D:4      | Noticed an ogre
  2637 | D:4      | Killed an ogre
  2638 | D:4      | Reached XP level 6. HP: 41/41 MP: 7/10
  2936 | D:4      | Noticed a black bear
  2964 | D:4      | Killed a black bear
  2965 | D:4      | Reached skill level 5 in Dodging
  2965 | D:4      | Reached skill level 5 in Summonings
  2965 | D:4      | Reached XP level 7. HP: 46/46 MP: 4/11
  3246 | D:5      | Entered Level 5 of the Dungeon
  3253 | D:5      | Found a large runed translucent door.
  3253 | D:5      | Found a large runed translucent door.
  3364 | D:5      | Reached skill level 5 in Stealth
  3454 | D:5      | Reached skill level 6 in Dodging
  3465 | D:5      | Identified the +4 short sword "Weaschob" {flame, *Slow
                  | rPois rN+ Dex+5}
  3687 | D:5      | Noticed Pokonic1's ghost (novice DsBe)
  3827 | D:5      | Noticed Prince Ribbit
  3829 | D:5      | Noticed Grinder
  4006 | D:5      | Reached skill level 5 in Short Blades
  4006 | D:5      | Reached XP level 8. HP: 47/52 MP: 8/13
  4064 | D:5      | Killed Grinder
  4339 | D:5      | Found a runed translucent door.
  4426 | D:5      | Reached skill level 7 in Dodging
  4714 | D:6      | Found a sand-covered staircase.
  4718 | Ossuary  | Entered an ossuary
  5411 | D:6      | Found a staircase to the Ecumenical Temple.
  5422 | Temple   | Entered the Ecumenical Temple
  5423 | Temple   | Found a transporter.
  5423 | Temple   | Found a transporter.
  5425 | Temple   | Found a transporter.
  5425 | Temple   | Found a transporter.
  5452 | Temple   | Became a worshipper of Vehumet
  5538 | D:6      | Found a basalt altar of Yredelemnul.
  5559 | D:6      | Reached XP level 9. HP: 54/57 MP: 15/15
  5598 | D:6      | Identified the +2 robe of Unambiguity {Fly Dex+2}
  5709 | D:6      | Noticed Pikel
  5728 | D:6      | Killed Pikel
  5729 | D:6      | Reached skill level 8 in Dodging
  5729 | D:6      | Reached skill level 5 in Spellcasting
  5942 | D:6      | Found a white marble altar of Elyvilon.
  6981 | D:8      | Found a transporter.
  6988 | D:8      | Reached skill level 9 in Dodging
  7014 | D:8      | Noticed avis's ghost (novice FeTm)
  7044 | D:8      | Noticed a moth of wrath
  7141 | D:8      | Found a snail-covered altar of Cheibriados.
  7188 | D:8      | Reached skill level 1 in Evocations
  7415 | D:8      | Found a transporter.
  7837 | D:9      | Reached XP level 10. HP: 63/63 MP: 18/18
  7989 | D:9      | Reached * piety under Vehumet
  7989 | D:9      | Offered knowledge of Sandblast by Vehumet.
  8006 | D:9      | Learned a level 1 spell: Sandblast
  8064 | D:9      | Found a staircase to the Lair.
  8298 | D:9      | Reached skill level 10 in Dodging
  8668 | D:10     | Entered Level 10 of the Dungeon
  8689 | D:10     | Noticed a white ugly thing
  8985 | D:10     | Found a runed translucent gate.
  8985 | D:10     | Found a runed translucent gate.
  8985 | D:10     | Found a runed translucent gate.
  8986 | D:10     | Found an opulent altar of Gozag.
  8988 | D:10     | Found Kualuo's Assorted Antiques.
  8988 | D:10     | Noticed a stone giant
  9090 | D:10     | Noticed Maggie
  9105 | D:10     | Noticed a centaur warrior
  9106 | D:10     | Noticed monoptic's ghost (journeyman MiFi)
  9330 | Lair:1   | Entered Level 1 of the Lair of Beasts
  9692 | D:9      | Reached XP level 11. HP: 21/68 MP: 22/22
  9900 | D:9      | Learned a level 2 spell: Call Imp
 10018 | D:9      | Reached skill level 11 in Dodging
 10042 | Lair:1   | Reached skill level 10 in Stealth
 10638 | D:9      | Reached ** piety under Vehumet
 10638 | D:9      | Offered knowledge of Searing Ray by Vehumet.
 10648 | D:9      | Learned a level 2 spell: Searing Ray
 10769 | Lair:1   | Reached skill level 10 in Short Blades
 10863 | Lair:1   | Found a snail-covered altar of Cheibriados.
 11863 | Lair:2   | Learned a level 3 spell: Summon Guardian Golem
 11923 | Lair:2   | Reached skill level 12 in Dodging
 12542 | Lair:2   | Reached XP level 12. HP: 71/74 MP: 25/25
 12600 | Lair:2   | Found a staircase to the Shoals.
 12917 | Lair:1   | Reached skill level 10 in Spellcasting
 13773 | Lair:2   | Found a hole to the Spider Nest.
 14664 | Lair:3   | Offered knowledge of Static Discharge by Vehumet.
 14741 | Lair:3   | Noticed a catoblepas
 14835 | Lair:3   | Noticed a skyshark
 15159 | D:10     | Mangled by a white ugly thing

Illustrated notes

Levels and vault maps discovered:
D:1:      dpeg_arrival_long_road, layout_basic
D:2:      layout_basic
D:3:      layout_basic
D:4:      layout_basic
D:5:      layout_basic, jmf_multi_god_temple2, hellmonk_ghost_happy_afterlife,
          uniq_prince_ribbit1, uniq_grinder
D:6:      layout_rooms, mainiacjoe_overflow_alcove_1,
          mainiacjoe_overflow_six_doors_small, temple_hall,
          lightli_ossuary_entry_decrepit_ruins, uniq_pikel
D:7:      layout_basic
D:8:      layout_basic, mainiacjoe_overflow_small_starburst,
          gammafunk_ghost_berserking_beasts, nicolae_nh_ransacked_shop
D:9:      layout_rooms, grunt_lair_entry_orc_guard_hut
D:10:     layout_loops_ring, serial_ice, serial_ice_g, serial_ice_f,
          serial_ice_i, serial_ice_h, serial_ice_e, serial_ice_o,
          ebering_ghost_gozag, hex_large, uniq_maggie
Temple:   hellmonk_temple_divided_pantheon
Lair:1:   layout_misc_corridors, basic_altar, serial_bayou_shore_a,
          grunt_megastairs_3
Lair:2:   layout_hall_layers, elwin_shoals_entry_stream,
          spider_nest_entry_funnel_web, lemuel_fruit_tree, grunt_megastairs_1
Lair:3:   layout_regular_city, uniq_kirke

Skill      XL: |  1  2  3  4  5  6  7  8  9 10 11 12 |
---------------+-------------------------------------+-----
Short Blades   | 1 2 3 5 6 7 9 10 | 10.0
Dodging        | 3 4 5 6 7 9 10 12 | 12.0
Stealth        | 3 4 5 6 8 9 11 | 11.9
Spellcasting   | 3 4 5 7 9 10 | 10.7
Summonings     | 5 6 7 |  7.2
Evocations     | 1 2 |  2.0

Action                     |  1- 3 |  4- 6 |  7- 9 | 10-12 || total
---------------------------+-------+-------+-------+-------++-------
  Melee: Short sword       |    48 |    40 |   199 |   525 ||   812
         Punch             |       |       |     5 |    13 ||    18
  Throw: Dart              |       |     3 |     8 |    49 ||    60
         Javelin           |       |       |     7 |     5 ||    12
   Cast: Summon Small Mamm |    18 |     6 |    41 |   100 ||   165
         Call Canine Famil |     2 |     8 |    33 |    82 ||   125
         Sandblast         |       |       |       |     1 ||     1
         Call Imp          |       |       |       |    52 ||    52
         Summon Guardian G |       |       |       |    19 ||    19
         Searing Ray       |       |       |       |     2 ||     2
    Use: Scroll            |     6 |     3 |    17 |     6 ||    32
         Potion            |     3 |       |       |    10 ||    13
   Stab: Sleeping          |     3 |     3 |    14 |     7 ||    27
         Distracted        |       |       |     1 |     5 ||     6
 Armour: Robe              |     4 |     1 |    24 |    76 ||   105
  Dodge: Dodged            |    26 |    15 |   116 |   551 ||   708

Table legend: (Time is in decaauts)
 A = Elapsed time spent in this place.
 B = Non-inter-level travel time spent in this place.
 C = Inter-level travel time spent in this place.
 D = Time resting spent in this place.
 E = Time spent auto-exploring this place.
 F = Levels seen in this place.
 G = Mean time per level.
                   A        B        C        D        E       F      G
               +--------+--------+--------+--------+--------+-----+--------+
         Total |  14857 |  14278 |    579 |   2845 |   7527 |  15 |  990.5 |
       Dungeon |   9830 |   9496 |    334 |   1221 |   6117 |  10 |  983.0 |
        Temple |     52 |     52 |      0 |      0 |      6 |   1 |   52.0 |
          Lair |   4556 |   4312 |    244 |   1445 |   1318 |   3 | 1518.7 |
       Ossuary |    418 |    418 |      0 |    179 |     86 |   1 |  418.0 |
               +--------+--------+--------+--------+--------+-----+--------+

Top non-repeatable levels by time:
  Lair:1: 2042 daAuts
  Lair:2: 2004 daAuts
     D:9: 1943 daAuts
     D:5: 1416 daAuts
     D:2: 1204 daAuts
     D:7: 969 daAuts
     D:8: 903 daAuts
     D:6: 838 daAuts
     D:4: 736 daAuts
     D:3: 697 daAuts
     D:1: 606 daAuts
    D:10: 515 daAuts
  Lair:3: 509 daAuts
 Ossuary: 418 daAuts
  Temple: 52 daAuts
